 Dungeon Crawl Stone Soup version 0.28.0-53-g5a82cb258f (webtiles) character file.

Game seed: 1168953389333294325

2 shadowstone the Stinger (level 1, -1/10 HPs)
             Began as a Tengu Venom Mage on June 5, 2022.
             Killed from afar by a dart slug (2 damage)
             ... with a slug dart
             ... on level 1 of the Dungeon.
             The game lasted 00:00:43 (105 turns).

shadowstone the Stinger (Tengu Venom Mage)           Turns: 105, Time: 00:00:44

Health: -1/10      AC:  2    Str:  8    XL:     1   Next: 30%
Magic:  4/4        EV: 12    Int: 15    God:
Gold:   11         SH:  0    Dex: 14    Spells: 3/4 levels left

rFire   . . .      SeeInvis .   c - +2 short sword (venom)
rCold   . . .      Faith    .   (no shield)
rNeg    . . .      Spirit   .   a - +0 robe
rPois   .          Reflect  .   (helmet restricted)
rElec   .          Harm     .   (no cloak)
rCorr   .          Rampage  .   (no gloves)
Will    .....                   (boots unavailable)
Stlth   ++........              (no amulet)
HPRegen 0.03/turn               (no ring)
MPRegen 0.09/turn               (no ring)

@: no status effects
A: beak, talons 3
a: no special abilities


You were on level 1 of the Dungeon.
You visited 1 branch of the dungeon, and saw 1 of its levels.

You collected 11 gold pieces.

Inventory:

Hand Weapons
 c - a +2 short sword of venom (weapon)
Armour
 a - a +0 robe (worn)
Potions
 b - a potion of mutation {unknown}


   Skills:
 + Level 2.1 Dodging
 + Level 2.0 Stealth
 + Level 2.0 Spellcasting
 + Level 0.7 Transmutations
 + Level 3.1 Poison Magic


You had 3 spell levels left.
You knew the following spells:

 Your Spells              Type           Power      Damage    Failure   Level
a - Sting                 Tmut/Pois      28%        1d4       10%         1

Your spell library contained the following spells:

 Spells                   Type           Power      Damage    Failure   Level
 Poisonous Vapours        Pois/Air       12%        N/A       19%         2
 Mephitic Cloud           Conj/Pois/Air  4%         N/A       41%         3
 Olgreb's Toxic Radiance  Pois           10%        N/A       52%         4


Dungeon Overview and Level Annotations

Branches:
Dungeon (1/15)

Altars:


Innate Abilities, Weirdness & Mutations

You have a beak for a mouth.
You have claws for feet.


Message History

You now have 11 gold pieces.
Found a runed short sword.
You see here a +2 short sword of venom.
You see here a +2 short sword of venom.
c - a +2 short sword of venom Your +2 short sword of venom begins to drip with poison!
c - a +2 short sword of venom (weapon)
You open the door.
There is an open door here.
You open the door.
There is an open door here.
You open the door.
There is an open door here.
A dart slug and a hobgoblin come into view.
An endoplasm comes into view.
Found a spear.
The hobgoblin shouts!
A kobold comes into view. It is wielding a +3 dagger.
The dart slug launches a dart at you. The slug dart hits you.
You hit the hobgoblin.
The hobgoblin is poisoned.
The hobgoblin is heavily wounded.
The hobgoblin hits you but does no damage.
The dart slug launches a dart at you. The slug dart hits you.
The dart slug launches a dart at you. The slug dart hits you.
* * * LOW HITPOINT WARNING * * *
You kill the hobgoblin!
There is an open door here.
You hit the endoplasm. Your kick misses the endoplasm.
The endoplasm is moderately wounded.
The endoplasm freezes you.
You are frozen.
* * * LOW HITPOINT WARNING * * *
You hit the endoplasm.
You kill the endoplasm!
The dart slug launches a dart at you. The slug dart hits you.
You die...

#### ..# #########.#
#.#.....#@..############
#.....#.#.##...........###
+..........'...........'..
#....####w##...........#..
#.......#'##...........#..
. ......K..#...........#..
.........#...........#..
.........##.....######..
.........##.....# #..


You could see a dart slug and a kobold.

Vanquished Creatures
  An endoplasm (D:1)
  A hobgoblin (D:1)
  A frilled lizard (D:1)
3 creatures vanquished.

Notes
Turn   | Place    | Note
-------+----------+-------------------------------------------
     0 | D:1      | shadowstone the Tengu Venom Mage began the quest for the
                  | Orb.
     0 | D:1      | Reached XP level 1. HP: 10/10 MP: 4/4
   105 | D:1      | Killed from afar by a dart slug

Illustrated notes

Levels and vault maps discovered:
D:1:      minmay_arrival_semitransparent, layout_basic,
          ebering_ecumenical_altar_mist

Action                   || total
-------------------------++-------
Melee: Short sword       ||     3
       Unarmed           ||     1
Armor: Robe              ||     1
Dodge: Dodged            ||     1
